 Seeded DCSS version 0.28.0-62-gf88900778d (webtiles) character file.

Game seed: 12995869965760334564 (custom seed)

31 Mickster the Conjurer (level 3, 0/16 HPs)
             Began as a Spriggan Conjurer on Mar 31, 2023.
             Succumbed to an adder's poison
             ... on level 2 of the Dungeon on Apr 1, 2023.
             The game lasted 00:18:36 (989 turns).

Mickster the Conjurer (Spriggan Conjurer)            Turns: 989, Time: 00:18:36

Health: 0/16       AC:  9    Str:  5    XL:     3   Next: 7%
Magic:  7/8        EV: 17    Int: 19    God:
Gold:   10         SH:  0    Dex: 13    Spells: 4/7 levels left

rFire   . . .      SeeInvis +   g - +2 dagger (protect)
rCold   . . .      Faith    .   (no shield)
rNeg    . . .      Spirit   .   a - +0 robe
rPois   .          Reflect  .   (helmet restricted)
rElec   .          Harm     .   (no cloak)
rCorr   .          Rampage  .   (gloves unavailable)
Will    .....                   (boots unavailable)
Stlth   ++........              e - amulet of magic regeneration
HPRegen 0.05/turn               (no ring)
MPRegen 0.51/turn               (no ring)

@: lethally poisoned (0 -> -1), under a protective aura, very quick
A: very small, no large weapons, unfitting armour, see invisible, speed 3
a: no special abilities


You were on level 2 of the Dungeon.
You visited 1 branch of the dungeon, and saw 2 of its levels.

You collected 10 gold pieces.

Inventory:

Hand Weapons
 c - a +0 hunting sling
 g - a +2 dagger of protection (weapon)
Missiles
 b - 6 poisoned darts (quivered)
Armour
 a - a +0 robe (worn)
Magical Staves
 d - a staff of fire
Jewellery
 e - an amulet of magic regeneration (around neck)
Scrolls
 h - a scroll of identify
Potions
 f - a potion of curing {unknown}
 i - a potion of cancellation {unknown}


   Skills:
 * Level 0.3 Short Blades
 - Level 0.1 Staves
 + Level 2.7 Dodging
 + Level 3.2 Stealth
 + Level 2.8 Spellcasting
 * Level 3.4 Conjurations
 * Level 0.5 Fire Magic


You had 4 spell levels left.
You knew the following spells:

 Your Spells              Type           Power      Damage    Failure   Level
a - Magic Dart            Conj           60%        1d6       3%          1
b - Searing Ray           Conj           30%        2d5       5%          2

Your spell library contained the following spells:

 Spells                   Type           Power      Damage    Failure   Level
 Shock                    Conj/Air       36%        1d5       8%          1
 Dazzling Flash           Conj/Hex       18%        N/A       22%         3
 Call Canine Familiar     Summ           2%         N/A       43%         3
 Portal Projectile        Hex/Tloc       4%         N/A       43%         3
 Swiftness                Air            2%         N/A       43%         3
 Fulminant Prism          Conj/Hex       4%         3d6       58%         4
 Iskenderun's Mystic Bla  Conj/Tloc      9%         2d4       58%         4
 Airstrike                Air            1%         N/A       83%         4
 Leda's Liquefaction      Hex/Erth       1%         N/A       83%         4


Dungeon Overview and Level Annotations

Branches:
Dungeon (2/15)

Altars:


Innate Abilities, Weirdness & Mutations

You are very small and have problems with some larger weapons.
You are too small for most types of armour.
You have supernaturally acute eyesight. (SInv)
You cover ground extremely quickly. (Speed+++)


Message History

You completely miss the dart slug.
The dart slug is severely wounded.
The adder bites you. The dart slug bites you.
The adder bites you but does no damage.
You hit the dart slug.
You kill the dart slug!
The adder closely misses you.
Your magical contamination has completely faded away.
You closely miss the adder. The adder closely misses you.
You barely miss the adder. The adder closely misses you.
The adder bites you but does no damage.
You barely miss the adder. The adder bites you but does no damage.
You miss the adder. The adder bites you.
You are poisoned.
The adder poisons you!
You hit the adder but do no damage.
Your weapon exudes an aura of protection.
You feel sick. The adder bites you but does no damage.
You closely miss the adder.
You feel sick. The adder completely misses you. The adder misses you.
You hit the adder.
The adder is lightly wounded.
You feel sick. The adder bites you but does no damage.
Casting: Magic Dart (safe; 3% risk of failure)
Confirm with . or Enter, or press ? or * to list all spells.
Aiming: Magic Dart (safe; 3% risk of failure)
Press: ? - help, Shift-Dir - straight line, f - adder
Aim: an adder (lightly wounded, 100% to hit)
The magic dart hits the adder.
The adder is moderately wounded.
You feel sick. The adder bites you.
* * * LOW HITPOINT WARNING * * *
Casting: Magic Dart (safe; 3% risk of failure)
Confirm with . or Enter, or press ? or * to list all spells.
Aiming: Magic Dart (safe; 3% risk of failure)
Press: ? - help, Shift-Dir - straight line, f/p - adder
Aim: an adder (moderately wounded, 100% to hit)
The magic dart hits the adder.
The adder is severely wounded.
You die...

#............#
#............#
#########............#
#.......#............#
#......$#............#
#.......#............#
........#............#
=......†#............###
......S@'........†......
........#............###
#.......#............#
#.......##############
######+##


You could see an adder.

Vanquished Creatures
  A dart slug (D:2)
  4 endoplasms
  3 giant cockroaches (D:1)
  4 goblins
  3 hobgoblins (D:1)
  2 jackals (D:2)
  A kobold (D:1)
  3 ball pythons
  A frilled lizard (D:1)
  3 rats (D:1)
25 creatures vanquished.

Notes
Turn   | Place    | Note
-------+----------+-------------------------------------------
     0 | D:1      | Mickster the Spriggan Conjurer began the quest for the Orb.
     0 | D:1      | Reached XP level 1. HP: 9/9 MP: 5/5
   307 | D:1      | Reached XP level 2. HP: 13/13 MP: 3/6
   742 | D:2      | Learned a level 2 spell: Searing Ray
   826 | D:2      | Reached XP level 3. HP: 15/16 MP: 4/8
   989 | D:2      | Succumbed to an adder's poison

Illustrated notes

Levels and vault maps discovered:
D:1:      lightli_arrival_statue_moat, layout_loops_cross
D:2:      layout_basic, hellmonk_ecumenical_altar_crossroads, uniq_terence,
          uniq_natasha, uniq_jessica

Skill      XL: |  1 |
---------------+----+-----
Conjurations   | 3 |  3.4
Short Blades   | |  0.3
Staves         | |  0.1
Dodging        | |  2.7
Stealth        | |  3.2
Spellcasting   | |  2.8
Fire Magic     | |  0.5

Action                   || total
-------------------------++-------
Melee: Dagger            ||    23
       Staff             ||     3
 Cast: Magic Dart        ||    42
  Use: Scroll            ||     3
       Potion            ||     1
 Stab: Sleeping          ||     1
Armor: Robe              ||     6
Dodge: Dodged            ||    29
